 Dungeon Crawl Stone Soup version 0.21.1-1-g345015f (webtiles) character file.

106 sking99 the Cudgeler (level 4, 0/28 HPs)
             Began as a Gargoyle Fighter on June 24, 2018.
             Killed by divine providence
             ... invoked by an orc priest
              (10 damage)
             ... on level 3 of the Dungeon.
             The game lasted 00:04:06 (1863 turns).

sking99 the Cudgeler (Gargoyle Fighter)             Turns: 1863, Time: 00:04:06

Health: 0/28       AC: 11    Str: 20    XL:     4   Next: 84%
Magic:  4/4        EV:  7    Int:  8    God:
Gold:   0          SH:  9    Dex: 10    Spells: 3/3 levels left

rFire    . . .     SeeInvis .   a - +0 flail
rCold    . . .     Gourm    .   c - +0 shield
rNeg     + . .     Faith    .   b - +0 scale mail
rPois    ∞         Spirit   .   (no helmet)
rElec    +         Reflect  .   (no cloak)
rCorr    .         Harm     .   (no gloves)
MR       .....                  m - +0 pair of boots
Stlth    ..........             (no amulet)
HPRegen  0.09/turn              (no ring)
MPRegen  0.09/turn              (no ring)

@: no status effects
A: negative energy resistance 1, electricity resistance, unbreathing,
petrification resistance, rot immunity, AC +3
a: no special abilities


You were on level 3 of the Dungeon.
You were hungry.

You visited 1 branch of the dungeon, and saw 3 of its levels.

Inventory:

Hand Weapons
 a - a +0 flail (weapon)
Armour
 b - a +0 scale mail (worn)
 c - a +0 shield (worn)
 e - a +1 pair of boots
 m - a +0 pair of boots (worn)
 n - a +2 helmet
Jewellery
 j - an uncursed amulet of regeneration {unknown}
Scrolls
 g - a scroll of blinking {unknown}
 i - a scroll of fear {unknown}
 l - a scroll of remove curse {unknown}
Potions
 d - 2 potions of might
 h - a potion of curing {unknown}
 o - a potion of brilliance {unknown}
Comestibles
 f - 5 rations
 k - 3 chunks of flesh


   Skills:
 - Level 3.2 Fighting
 + Level 4.9 Maces & Flails
 - Level 3.2 Armour
 - Level 3.2 Shields


You had 3 spell levels left.
You didn't know any spells.

Dungeon Overview and Level Annotations

Branches:
Dungeon (3/15)

Altars:
Nemelex Xobeh


Innate Abilities, Weirdness & Mutations

You are resistant to torment.
Your stone body is resilient. (AC +3)
You are immune to poison.
You resist negative energy. (rN+)
You are resistant to electric shocks. (rElec)
You can survive without breathing.
You are immune to petrification.
You are immune to rotting.


Message History

The orc priest is severely wounded.
The orc priest invokes the aid of Beogh against you.
Pain shoots through your body!
The orc wizard points at you and mumbles some strange words.
The puff of frost hits you! You block the orc's attack.
You hit the orc priest.
The orc priest is severely wounded.
You block the orc priest's attack.
The orc wizard looks satisfied for a moment.
You block the orc's attack.
Your shield and scale mail prevent you from hitting the orc priest.
The orc priest is severely wounded.
The orc priest hits you but does no damage.
The orc hits you. The orc wizard barely misses you.
You are feeling hungry.
Your shield prevents you from hitting the orc priest.
The orc priest is severely wounded.
The orc priest invokes the aid of Beogh against you.
Beogh smites you!
You die...

#...# ..
###...##.##
...^......
........
......
#...# #...#
#<.?# #@o.#
#oo.#
#..l....#
###...###
#....
...###
....# .....
###.##


You could see an orc priest, an orc wizard, an orc and a frilled lizard.

Vanquished Creatures
  A worker ant (D:2)
  3 adders (D:2)
  2 worms (D:2)
  2 orcs (D:2)
  3 giant cockroaches
  6 goblins
  4 hobgoblins
  5 kobolds
  A quokka (D:2)
  2 ball pythons (D:2)
  9 bats
  2 frilled lizards (D:1)
  10 rats
50 creatures vanquished.

Notes
Turn   | Place    | Note
-------+----------+-------------------------------------------
     0 | D:1      | sking99 the Gargoyle Fighter began the quest for the Orb.
     0 | D:1      | Reached XP level 1. HP: 14/14 MP: 1/1
    53 | D:1      | Reached XP level 2. HP: 19/19 MP: 2/2
   247 | D:1      | Reached skill level 3 in Maces & Flails
   892 | D:2      | Reached XP level 3. HP: 22/23 MP: 3/3
  1078 | D:2      | Found a sparkling altar of Nemelex Xobeh.
  1203 | D:2      | Reached skill level 4 in Maces & Flails
  1203 | D:2      | Reached XP level 4. HP: 17/28 MP: 4/4
  1863 | D:3      | Killed from afar by an orc priest

Skill      XL: |  1  2  3 |
---------------+----------+-----
Maces & Flails | 3 4 |  4.9
Fighting       | |  3.2
Armour         | |  3.2
Shields        | |  3.2

Action                   |  1- 3 |  4- 6 || total
-------------------------+-------+-------++-------
Melee: Flail             |   134 |    74 ||   208
  Eat: Chunk             |     1 |     2 ||     3
Armor: Scale mail        |    91 |    49 ||   140
Dodge: Dodged            |    40 |    34 ||    74
Block: Shield            |    78 |    53 ||   131
